[ AOE2 MATCH · #492829281 ]
UnrankedVietnamese vs Malay
[ REPLAY ANALYSIS · EXTRACTED FROM THE RECORDED GAME ]
Feudal
11:56
Castle
—
Imperial
—
| APM avg | 28.6 |
| APM peak | 43 |
| eAPM avg | 14.7 |
| Villagers / military | 35 / 9 |
Focus
⚔️ 30.3% · 🌾 69.7%
Archer ×9 · Fishing Ship ×4
Feudal
16:24
Castle
—
Imperial
—
| APM avg | 27.9 |
| APM peak | 56 |
| eAPM avg | 13.4 |
| Villagers / military | 39 / 0 |
Focus
⚔️ 23.9% · 🌾 76.1%
Fishing Ship ×5
Feudal
13:11
Castle
—
Imperial
—
| APM avg | 74.8 |
| APM peak | 105 |
| eAPM avg | 42.2 |
| Villagers / military | 37 / 12 |
Focus
⚔️ 32.9% · 🌾 67.1%
Fishing Ship ×13 · Archer ×11 · Transport Ship ×1
Feudal
16:29
Castle
—
Imperial
—
| APM avg | 30.0 |
| APM peak | 46 |
| eAPM avg | 16.8 |
| Villagers / military | 31 / 0 |
Focus
⚔️ 23.1% · 🌾 76.9%
Fishing Ship ×27
Feudal
13:33
Castle
—
Imperial
—
| APM avg | 34.9 |
| APM peak | 88 |
| eAPM avg | 16.1 |
| Villagers / military | 29 / 4 |
Focus
⚔️ 35.4% · 🌾 64.6%
Fishing Ship ×6 · Skirmisher ×4
Feudal
13:08
Castle
17:12
Imperial
—
| APM avg | 37.7 |
| APM peak | 66 |
| eAPM avg | 17.9 |
| Villagers / military | 33 / 0 |
Focus
⚔️ 11.2% · 🌾 88.8%
Fishing Ship ×9 · Unknown (2626) ×8
Feudal
14:02
Castle
—
Imperial
—
| APM avg | 34.8 |
| APM peak | 52 |
| eAPM avg | 19.0 |
| Villagers / military | 45 / 4 |
Focus
⚔️ 29.5% · 🌾 70.5%
Unknown (2626) ×13 · Fishing Ship ×5 · Galley ×3 · Fire Galley ×1
Feudal
14:51
Castle
—
Imperial
—
| APM avg | 19.3 |
| APM peak | 40 |
| eAPM avg | 11.4 |
| Villagers / military | 29 / 0 |
Focus
⚔️ 29.2% · 🌾 70.8%
Fishing Ship ×11
Match map
Initial resources + every placement click. Lines = walls · curves = elevation contours. ◆ gold · ⬟ stone · ● berries · ✦ relic · ◌ wall gap
Your base· Open — 8t gap
Buhr's base· Open — 12t gap
Ux'BlueUltra's base· Open — 8t gap
machpatel's base· Open — unwalled flank
Merkaria's base· Open — 14t gap
sgt peppers s's base· Open — unwalled flank
Ux'Nivinero's base· Open — unwalled flank
Pollo_congelao's base· Open — 4t gap
Smoothed initial terrain · ◌ = detected wall gap · hover for details
Inputs per minute
— Yisaac - - Buhr
Build order — Yisaac
87 actions detected in the replay
| 0:19 | Build | Town Center |
| 1:41 | Build | Dock |
| 1:43 | Build | House |
| 2:35 | Create | Villager (Male) |
| 2:36 | Create | Villager (Male) |
| 2:36 | Create | Villager (Male) |
| 2:36 | Create | Villager (Male) |
| 2:37 | Create | Villager (Male) |
| 4:19 | Build | House |
| 4:22 | Create | Villager (Male) |
| 4:22 | Create | Villager (Male) |
| 4:51 | Create | Villager (Male) |
| 4:52 | Create | Villager (Male) |
| 5:19 | Create | Villager (Male) |
| 5:20 | Create | Villager (Male) |
| 5:26 | Create | Fishing Ship |
| 5:41 | Build | House |
| 5:55 | Create | Villager (Male) |
| 5:55 | Create | Villager (Male) |
| 6:16 | Create | Villager (Male) |
| 6:17 | Create | Villager (Male) |
| 6:31 | Create | Villager (Male) |
| 6:31 | Create | Villager (Male) |
| 6:44 | Create | Fishing Ship |
| 6:49 | Create | Villager (Male) |
| 7:10 | Create | Villager (Male) |
| 7:26 | Create | Fishing Ship |
| 7:44 | Build | House |
| 7:52 | Create | Villager (Male) |
| 7:53 | Create | Villager (Male) |
| 8:04 | Create | Villager (Male) |
| 8:24 | Create | Fishing Ship |
| 8:27 | Create | Villager (Male) |
| 9:00 | Build | Mill |
| 9:08 | Create | Villager (Male) |
| 9:46 | Research | Feudal Age |
| 9:46 | Research | Feudal Age |
| 10:56 | Build | Barracks |
| 11:04 | Create | Villager (Male) |
| 11:26 | Build | House |
| 11:56 | Age | Feudal Age |
| 11:58 | Create | Villager (Male) |
| 12:01 | Build | Archery Range |
| 12:25 | Build | Mining Camp |
| 12:30 | Create | Villager (Male) |
| 12:30 | Create | Villager (Male) |
| 12:33 | Create | Archer |
| 13:14 | Create | Archer |
| 13:19 | Build | House |
| 13:37 | Build | Blacksmith |
| 13:44 | Create | Villager (Male) |
| 13:44 | Create | Villager (Male) |
| 13:45 | Create | Archer |
| 14:17 | Create | Villager (Male) |
| 14:26 | Research | Fletching |
| 14:47 | Create | Archer |
| 15:22 | Create | Villager (Male) |
| 15:22 | Create | Archer |
| 15:23 | Create | Archer |
| 15:29 | Build | House |
| 15:34 | Research | Loom |
| 15:59 | Build | Watch Tower |
| 16:13 | Create | Villager (Male) |
| 16:15 | Create | Archer |
| 16:15 | Create | Archer |
| 16:19 | Build | House |
| 16:34 | Build | Watch Tower |
| 16:39 | Create | Villager (Male) |
| 16:39 | Create | Archer |
| 16:48 | Build | Market |
| 17:02 | Build | House |
| 17:13 | Build | House |
| 17:15 | Build | House |
| 17:52 | Create | Villager (Male) |
| 17:54 | Research | Wheelbarrow |
| 18:16 | Research | Castle Age |
| 18:16 | Research | Castle Age |
| 18:28 | Build | House |
| 18:31 | Build | Palisade Wall |
| 18:37 | Build | Palisade Wall |
| 18:39 | Build | Palisade Wall |
| 19:02 | Build | Farm |
| 19:02 | Build | Farm |
| 19:03 | Build | Farm |
| 19:03 | Build | Farm |
| 19:03 | Build | Farm |
| 19:03 | Build | Farm |
Build order — Buhr
76 actions detected in the replay
| 0:20 | Build | Town Center |
| 0:39 | Build | Dock |
| 0:43 | Build | House |
| 2:43 | Create | Villager (Male) ×4 |
| 2:44 | Create | Villager (Male) ×4 |
| 3:42 | Create | Villager (Male) |
| 4:15 | Research | Loom |
| 4:56 | Research | Loom |
| 5:01 | Create | Fishing Ship |
| 5:29 | Create | Fishing Ship |
| 5:30 | Create | Villager (Male) |
| 5:38 | Build | House |
| 6:11 | Create | Villager (Male) |
| 6:22 | Create | Fishing Ship |
| 6:51 | Build | House |
| 6:57 | Create | Villager (Male) |
| 7:04 | Build | Palisade Gate |
| 7:22 | Build | House |
| 7:27 | Create | Villager (Male) |
| 7:45 | Create | Villager (Male) |
| 7:45 | Create | Fishing Ship |
| 8:02 | Build | House |
| 8:21 | Create | Villager (Male) |
| 8:30 | Create | Villager (Male) |
| 8:30 | Create | Villager (Male) |
| 8:40 | Create | Fishing Ship |
| 8:50 | Build | House |
| 9:10 | Build | Palisade Wall |
| 9:12 | Build | Palisade Wall |
| 9:14 | Create | Villager (Male) |
| 9:16 | Create | Villager (Male) |
| 9:50 | Create | Villager (Male) |
| 10:00 | Build | House |
| 10:03 | Build | Palisade Wall |
| 10:15 | Build | Mill |
| 10:18 | Create | Villager (Male) |
| 10:26 | Create | Villager (Male) |
| 10:35 | Create | Villager (Male) |
| 10:42 | Build | Mining Camp |
| 10:44 | Create | Villager (Male) |
| 10:54 | Create | Villager (Male) |
| 11:31 | Build | House |
| 11:33 | Build | Palisade Wall |
| 11:37 | Create | Villager (Male) |
| 11:49 | Build | Mining Camp |
| 11:51 | Create | Villager (Male) |
| 11:54 | Create | Villager (Male) |
| 12:03 | Build | Palisade Wall |
| 12:04 | Create | Villager (Male) |
| 12:52 | Build | Palisade Wall |
| 12:53 | Build | Palisade Wall |
| 13:00 | Create | Villager (Male) |
| 13:31 | Build | House |
| 13:32 | Build | Palisade Wall |
| 13:41 | Create | Villager (Male) |
| 14:10 | Build | Mill |
| 14:14 | Research | Feudal Age |
| 14:31 | Build | Palisade Wall |
| 15:22 | Build | Palisade Wall |
| 16:07 | Build | Palisade Wall |
| 16:21 | Create | Villager (Male) |
| 16:21 | Create | Villager (Male) |
| 16:24 | Age | Feudal Age |
| 16:26 | Build | Market |
| 16:53 | Build | Watch Tower |
| 17:14 | Create | Villager (Male) |
| 17:33 | Create | Villager (Male) |
| 17:37 | Build | Blacksmith |
| 18:06 | Research | Castle Age |
| 18:29 | Build | Lumber Camp |
| 18:55 | Create | Villager (Male) |
| 18:56 | Create | Villager (Male) |
| 19:04 | Build | Stone Wall |
| 19:05 | Build | Stone Wall |
| 19:09 | Create | Villager (Male) |
| 19:09 | Create | Villager (Male) |
Build order — Ux'BlueUltra
103 actions detected in the replay
| 0:06 | Build | House |
| 0:11 | Build | Town Center |
| 0:47 | Build | Dock |
| 2:14 | Build | House |
| 2:27 | Create | Villager (Male) |
| 2:28 | Create | Villager (Male) |
| 2:29 | Create | Villager (Male) |
| 2:29 | Create | Villager (Male) |
| 2:29 | Create | Villager (Male) |
| 3:29 | Create | Fishing Ship |
| 3:30 | Create | Fishing Ship |
| 3:56 | Build | House |
| 3:59 | Create | Villager (Male) |
| 3:59 | Create | Villager (Male) |
| 4:05 | Research | Loom |
| 4:46 | Build | House |
| 4:59 | Create | Fishing Ship |
| 5:00 | Create | Fishing Ship |
| 5:08 | Create | Villager (Male) |
| 5:26 | Create | Fishing Ship |
| 5:42 | Create | Villager (Male) |
| 6:09 | Create | Villager (Male) |
| 6:09 | Create | Villager (Male) |
| 6:12 | Build | House |
| 6:27 | Build | House |
| 6:35 | Create | Villager (Male) |
| 6:59 | Create | Villager (Male) |
| 7:01 | Create | Fishing Ship |
| 7:11 | Create | Villager (Male) |
| 7:12 | Create | Villager (Male) |
| 7:23 | Create | Villager (Male) |
| 7:33 | Build | House |
| 7:50 | Create | Fishing Ship |
| 7:50 | Create | Fishing Ship |
| 7:56 | Create | Villager (Male) |
| 8:29 | Create | Villager (Male) |
| 8:29 | Create | Villager (Male) |
| 8:37 | Create | Fishing Ship |
| 8:37 | Create | Fishing Ship |
| 8:57 | Create | Villager (Male) |
| 8:57 | Create | Villager (Male) |
| 8:58 | Create | Villager (Male) |
| 8:59 | Create | Villager (Male) |
| 9:00 | Create | Villager (Male) |
| 9:10 | Create | Fishing Ship |
| 9:23 | Build | House |
| 9:36 | Build | House |
| 9:46 | Build | House |
| 9:59 | Create | Fishing Ship |
| 10:23 | Build | House |
| 10:29 | Create | Fishing Ship |
| 10:39 | Build | House |
| 11:20 | Create | Villager (Male) |
| 11:23 | Build | Lumber Camp |
| 11:53 | Research | Feudal Age |
| 11:53 | Research | Feudal Age |
| 12:12 | Build | Mining Camp |
| 12:15 | Build | Mining Camp |
| 12:21 | Create | Villager (Male) |
| 12:44 | Build | Barracks |
| 13:11 | Age | Feudal Age |
| 13:23 | Build | Archery Range |
| 13:36 | Build | Archery Range |
| 13:38 | Create | Villager (Male) |
| 14:03 | Create | Villager (Male) |
| 14:09 | Research | Double-Bit Axe |
| 14:10 | Research | Double-Bit Axe |
| 14:15 | Build | Blacksmith |
| 14:25 | Create | Villager (Male) |
| 14:27 | Create | Archer |
| 14:30 | Build | House |
| 14:38 | Create | Archer |
| 14:39 | Create | Archer |
| 14:40 | Create | Villager (Male) |
| 14:59 | Research | Fletching |
| 14:59 | Research | Fletching |
| 15:00 | Build | House |
| 15:03 | Build | House |
| 15:13 | Create | Archer |
| 15:14 | Create | Villager (Male) |
| 15:20 | Build | Mill |
| 15:30 | Create | Villager (Male) |
| 15:40 | Create | Archer |
| 15:44 | Create | Villager (Male) |
| 15:45 | Create | Archer |
| 15:45 | Create | Archer |
| 15:50 | Create | Villager (Male) |
| 15:51 | Create | Villager (Male) |
| 16:05 | Build | House |
| 16:11 | Create | Archer |
| 16:11 | Create | Archer |
| 16:21 | Create | Villager (Male) |
| 16:59 | Create | Villager (Male) |
| 17:04 | Build | Market |
| 17:08 | Build | House |
| 17:08 | Build | House |
| 18:10 | Create | Transport Ship |
| 18:17 | Research | Castle Age |
| 18:21 | Create | Archer |
| 18:22 | Create | Archer |
| 18:47 | Research | Gold Mining |
| 18:47 | Research | Gold Mining |
| 18:47 | Research | Gold Mining |
Build order — machpatel
98 actions detected in the replay
| 0:15 | Build | Town Center |
| 1:24 | Build | Dock |
| 1:37 | Build | House |
| 1:39 | Build | Palisade Wall |
| 1:41 | Build | Palisade Wall |
| 2:36 | Create | Villager (Male) |
| 2:36 | Create | Villager (Male) |
| 2:37 | Create | Villager (Male) |
| 2:37 | Create | Villager (Male) |
| 3:41 | Create | Fishing Ship |
| 3:41 | Create | Fishing Ship |
| 3:58 | Research | Loom |
| 4:40 | Build | House |
| 4:41 | Create | Villager (Male) |
| 5:06 | Create | Fishing Ship |
| 5:38 | Create | Villager (Male) |
| 5:41 | Create | Fishing Ship |
| 5:56 | Build | House |
| 6:33 | Create | Villager (Male) |
| 6:33 | Create | Villager (Male) |
| 6:38 | Build | House |
| 6:40 | Create | Fishing Ship |
| 6:40 | Create | Fishing Ship |
| 7:03 | Create | Fishing Ship |
| 7:10 | Build | Palisade Wall |
| 7:15 | Create | Villager (Male) |
| 7:15 | Create | Villager (Male) |
| 7:41 | Build | House |
| 7:51 | Create | Fishing Ship |
| 7:56 | Create | Villager (Male) |
| 8:08 | Build | Palisade Wall |
| 8:20 | Create | Villager (Male) |
| 8:22 | Create | Fishing Ship |
| 8:40 | Create | Villager (Male) |
| 8:45 | Create | Fishing Ship |
| 9:04 | Build | House |
| 9:11 | Create | Fishing Ship |
| 9:16 | Create | Villager (Male) |
| 9:16 | Create | Villager (Male) |
| 9:19 | Create | Villager (Male) |
| 9:37 | Build | Dock |
| 9:43 | Build | House |
| 10:01 | Create | Villager (Male) |
| 10:04 | Create | Fishing Ship |
| 10:04 | Create | Fishing Ship |
| 10:14 | Build | Palisade Wall |
| 10:21 | Create | Villager (Male) |
| 10:21 | Create | Villager (Male) |
| 10:24 | Create | Fishing Ship |
| 10:43 | Build | Palisade Wall |
| 10:51 | Create | Fishing Ship |
| 10:53 | Create | Villager (Male) |
| 11:07 | Build | House |
| 11:12 | Create | Fishing Ship |
| 11:12 | Create | Fishing Ship |
| 11:15 | Create | Villager (Male) |
| 11:15 | Create | Villager (Male) |
| 11:37 | Create | Fishing Ship |
| 11:37 | Create | Fishing Ship |
| 11:51 | Build | Palisade Wall |
| 11:53 | Build | Palisade Wall |
| 11:56 | Create | Villager (Male) |
| 11:57 | Create | Fishing Ship |
| 11:57 | Create | Fishing Ship |
| 12:05 | Build | Palisade Wall |
| 12:18 | Build | Mill |
| 12:20 | Create | Villager (Male) |
| 12:24 | Create | Fishing Ship |
| 12:33 | Create | Villager (Male) |
| 12:49 | Build | Palisade Wall |
| 12:55 | Create | Fishing Ship |
| 13:06 | Create | Villager (Male) |
| 13:26 | Build | Palisade Wall |
| 13:31 | Create | Fishing Ship |
| 13:34 | Build | Lumber Camp |
| 13:43 | Build | Mining Camp |
| 13:46 | Create | Villager (Male) |
| 14:19 | Research | Feudal Age |
| 14:35 | Build | Palisade Wall |
| 15:15 | Create | Villager (Male) |
| 15:15 | Create | Villager (Male) |
| 15:50 | Build | Lumber Camp |
| 15:53 | Build | Lumber Camp |
| 16:03 | Build | Dock |
| 16:29 | Age | Feudal Age |
| 16:36 | Build | Blacksmith |
| 16:50 | Build | Market |
| 17:04 | Create | Fishing Ship |
| 17:04 | Create | Fishing Ship |
| 17:05 | Create | Fishing Ship |
| 17:09 | Create | Villager (Male) |
| 17:27 | Create | Villager (Male) |
| 17:36 | Build | Barracks |
| 17:58 | Research | Castle Age |
| 18:40 | Build | Stable |
| 18:50 | Research | Double-Bit Axe |
| 18:57 | Research | Scale Barding Armor |
| 19:11 | Build | House |
Build order — Merkaria
70 actions detected in the replay
| 0:03 | Build | Town Center |
| 0:50 | Build | Dock |
| 0:52 | Build | House |
| 2:24 | Create | Villager (Male) |
| 2:24 | Create | Villager (Male) |
| 2:25 | Create | Villager (Male) |
| 2:25 | Create | Villager (Male) |
| 3:24 | Create | Fishing Ship |
| 3:24 | Create | Fishing Ship |
| 3:55 | Create | Villager (Male) |
| 3:56 | Create | Villager (Male) |
| 4:37 | Research | Loom |
| 4:37 | Research | Loom |
| 4:47 | Create | Villager (Male) |
| 4:47 | Create | Villager (Male) |
| 4:56 | Build | House |
| 4:57 | Research | Loom |
| 4:57 | Research | Loom |
| 5:23 | Create | Villager (Male) |
| 5:59 | Create | Villager (Male) |
| 6:00 | Create | Villager (Male) |
| 6:11 | Create | Fishing Ship |
| 6:14 | Build | House |
| 6:20 | Build | House |
| 6:33 | Create | Villager (Male) |
| 6:33 | Create | Villager (Male) |
| 7:21 | Create | Villager (Male) |
| 7:55 | Create | Villager (Male) |
| 8:01 | Create | Villager (Male) |
| 8:02 | Create | Fishing Ship |
| 8:03 | Create | Fishing Ship |
| 8:10 | Build | Palisade Wall |
| 8:27 | Create | Villager (Male) |
| 9:12 | Create | Villager (Male) |
| 9:17 | Create | Fishing Ship |
| 9:40 | Create | Villager (Male) |
| 9:47 | Build | House |
| 10:08 | Create | Villager (Male) |
| 10:26 | Build | Lumber Camp |
| 10:33 | Create | Villager (Male) |
| 10:58 | Create | Villager (Male) |
| 11:20 | Build | House |
| 11:21 | Research | Feudal Age |
| 11:21 | Research | Feudal Age |
| 11:41 | Build | Mill |
| 13:23 | Create | Villager (Male) |
| 13:23 | Create | Villager (Male) |
| 13:33 | Age | Feudal Age |
| 13:37 | Research | Double-Bit Axe |
| 13:38 | Research | Double-Bit Axe |
| 13:57 | Create | Villager (Male) |
| 13:58 | Create | Villager (Male) |
| 14:12 | Build | House |
| 14:24 | Build | Town Center |
| 14:34 | Create | Villager (Male) |
| 14:43 | Research | Wheelbarrow |
| 15:40 | Create | Villager (Male) |
| 15:41 | Create | Villager (Male) |
| 15:50 | Build | Barracks |
| 15:57 | Build | Barracks |
| 16:07 | Build | House |
| 16:33 | Build | Farm |
| 16:56 | Build | Archery Range |
| 17:31 | Build | Blacksmith |
| 17:39 | Create | Skirmisher |
| 17:39 | Create | Skirmisher |
| 17:40 | Create | Skirmisher |
| 18:10 | Research | Town Watch |
| 18:11 | Research | Fletching |
| 18:15 | Create | Skirmisher |
Build order — sgt peppers s
81 actions detected in the replay
| 0:26 | Build | Town Center |
| 0:49 | Build | Dock |
| 2:36 | Build | House |
| 2:44 | Create | Villager (Male) |
| 2:44 | Create | Villager (Male) |
| 2:45 | Create | Villager (Male) |
| 2:45 | Create | Villager (Male) |
| 2:45 | Create | Villager (Male) |
| 3:36 | Create | Villager (Male) |
| 3:37 | Create | Villager (Male) |
| 3:46 | Build | House |
| 4:06 | Build | House |
| 4:35 | Create | Fishing Ship |
| 4:35 | Create | Fishing Ship |
| 4:50 | Research | Loom |
| 4:58 | Build | House |
| 4:58 | Build | House |
| 5:15 | Create | Villager (Male) |
| 5:15 | Create | Villager (Male) |
| 5:33 | Build | House |
| 5:43 | Build | House |
| 6:07 | Create | Villager (Male) |
| 6:08 | Create | Villager (Male) |
| 6:28 | Create | Fishing Ship |
| 6:36 | Create | Villager (Male) |
| 7:05 | Create | Fishing Ship |
| 7:05 | Create | Fishing Ship |
| 7:20 | Create | Villager (Male) |
| 7:21 | Create | Villager (Male) |
| 7:37 | Create | Villager (Male) |
| 7:37 | Create | Villager (Male) |
| 7:48 | Create | Fishing Ship |
| 7:48 | Create | Fishing Ship |
| 8:01 | Build | House |
| 8:07 | Build | House |
| 8:16 | Create | Villager (Male) |
| 8:16 | Create | Villager (Male) |
| 8:21 | Build | House |
| 8:29 | Create | Villager (Male) |
| 8:30 | Create | Villager (Male) |
| 8:30 | Create | Villager (Male) |
| 8:52 | Create | Fishing Ship |
| 8:52 | Create | Fishing Ship |
| 9:19 | Create | Villager (Male) |
| 9:19 | Create | Villager (Male) |
| 9:19 | Create | Villager (Male) |
| 9:52 | Build | Mining Camp |
| 10:40 | Build | House |
| 10:58 | Research | Feudal Age |
| 10:58 | Research | Feudal Age |
| 11:33 | Build | Mill |
| 12:53 | Build | House |
| 13:08 | Age | Feudal Age |
| 13:10 | Create | Villager (Male) |
| 13:11 | Create | Villager (Male) |
| 13:12 | Build | Blacksmith |
| 13:22 | Build | Market |
| 13:43 | Create | Unit 2626 |
| 13:52 | Create | Villager (Male) |
| 14:32 | Research | Castle Age |
| 14:32 | Research | Castle Age |
| 14:53 | Create | Unit 2626 |
| 14:53 | Create | Unit 2626 |
| 14:53 | Create | Unit 2626 |
| 15:30 | Build | Lumber Camp |
| 15:50 | Create | Unit 2626 |
| 16:23 | Build | House |
| 16:26 | Build | House |
| 16:37 | Create | Unit 2626 |
| 17:12 | Age | Castle Age |
| 17:39 | Create | Villager (Male) |
| 17:39 | Create | Villager (Male) |
| 17:41 | Research | Double-Bit Axe |
| 17:51 | Build | Castle |
| 17:59 | Create | Villager (Male) |
| 18:12 | Create | Unit 2626 |
| 18:12 | Create | Unit 2626 |
| 18:25 | Research | Fletching |
| 19:08 | Create | Villager (Male) |
| 19:08 | Create | Villager (Male) |
| 19:08 | Create | Villager (Male) |
Build order — Ux'Nivinero
91 actions detected in the replay
| 0:08 | Build | House |
| 1:25 | Build | Town Center |
| 1:47 | Build | Dock |
| 1:52 | Build | Palisade Wall |
| 3:28 | Research | Loom |
| 3:29 | Research | Loom |
| 3:30 | Create | Villager (Male) |
| 3:30 | Create | Villager (Male) |
| 3:30 | Create | Villager (Male) |
| 3:31 | Create | Villager (Male) |
| 3:48 | Build | Palisade Wall |
| 4:03 | Build | Palisade Wall |
| 4:07 | Build | Palisade Wall |
| 5:09 | Create | Fishing Ship |
| 5:29 | Create | Villager (Male) |
| 5:29 | Create | Villager (Male) |
| 5:55 | Build | House |
| 6:14 | Create | Villager (Male) |
| 6:14 | Create | Villager (Male) |
| 6:39 | Create | Villager (Male) |
| 6:39 | Create | Villager (Male) |
| 7:01 | Create | Villager (Male) |
| 7:01 | Create | Villager (Male) |
| 7:05 | Create | Fishing Ship |
| 7:31 | Create | Villager (Male) |
| 7:32 | Create | Villager (Male) |
| 7:43 | Build | House |
| 7:49 | Create | Villager (Male) |
| 7:50 | Create | Villager (Male) |
| 8:11 | Create | Villager (Male) |
| 8:12 | Create | Villager (Male) |
| 8:21 | Create | Fishing Ship |
| 8:35 | Create | Villager (Male) |
| 8:35 | Create | Villager (Male) |
| 8:59 | Create | Villager (Male) |
| 9:01 | Create | Fishing Ship |
| 9:18 | Build | House |
| 9:32 | Create | Villager (Male) |
| 9:45 | Build | House |
| 9:50 | Create | Villager (Male) |
| 10:04 | Create | Villager (Male) |
| 10:22 | Create | Villager (Male) |
| 10:36 | Create | Villager (Male) |
| 10:55 | Build | Mining Camp |
| 10:58 | Create | Villager (Male) |
| 11:21 | Create | Fishing Ship |
| 11:22 | Create | Villager (Male) |
| 11:44 | Research | Feudal Age |
| 12:32 | Create | Villager (Male) |
| 12:37 | Build | Dock |
| 12:54 | Create | Villager (Male) |
| 13:21 | Create | Villager (Male) |
| 13:26 | Build | House |
| 14:02 | Age | Feudal Age |
| 14:04 | Create | Unit 2626 |
| 14:04 | Create | Unit 2626 |
| 14:07 | Create | Villager (Male) |
| 14:13 | Build | Dock |
| 14:20 | Create | Villager (Male) |
| 14:47 | Create | Unit 2626 |
| 14:47 | Create | Unit 2626 |
| 14:55 | Build | House |
| 14:58 | Create | Villager (Male) |
| 15:22 | Create | Villager (Male) |
| 15:30 | Create | Villager (Male) |
| 15:46 | Create | Unit 2626 |
| 15:46 | Create | Unit 2626 |
| 15:46 | Create | Unit 2626 |
| 15:48 | Create | Villager (Male) |
| 16:15 | Create | Galley |
| 16:18 | Create | Fire Galley |
| 16:22 | Create | Villager (Male) |
| 16:32 | Create | Unit 2626 |
| 16:32 | Create | Unit 2626 |
| 16:38 | Create | Villager (Male) |
| 16:40 | Build | House |
| 16:41 | Build | House |
| 16:42 | Build | House |
| 16:55 | Create | Unit 2626 |
| 16:56 | Create | Unit 2626 |
| 16:59 | Create | Villager (Male) |
| 17:10 | Create | Villager (Male) |
| 17:15 | Create | Unit 2626 |
| 17:16 | Create | Unit 2626 |
| 17:37 | Create | Villager (Male) |
| 17:54 | Build | Mill |
| 17:57 | Create | Villager (Male) |
| 18:17 | Create | Galley |
| 18:17 | Create | Galley |
| 18:19 | Create | Villager (Male) |
| 18:36 | Create | Villager (Male) |
Build order — Pollo_congelao
76 actions detected in the replay
| 0:07 | Build | Town Center |
| 1:40 | Build | Dock |
| 2:19 | Build | House |
| 2:33 | Create | Villager (Male) |
| 2:35 | Create | Villager (Male) |
| 2:35 | Create | Villager (Male) |
| 2:47 | Build | House |
| 3:05 | Build | Palisade Wall |
| 3:07 | Build | Palisade Wall |
| 3:36 | Create | Villager (Male) |
| 3:40 | Create | Villager (Male) |
| 3:40 | Research | Loom |
| 4:19 | Research | Loom |
| 4:24 | Create | Fishing Ship |
| 5:01 | Create | Villager (Male) |
| 5:25 | Create | Fishing Ship |
| 5:26 | Create | Villager (Male) |
| 5:44 | Create | Villager (Male) |
| 5:50 | Build | House |
| 6:06 | Create | Villager (Male) |
| 6:40 | Create | Fishing Ship |
| 6:40 | Create | Fishing Ship |
| 6:41 | Create | Villager (Male) |
| 7:13 | Create | Villager (Male) |
| 7:13 | Create | Villager (Male) |
| 7:51 | Create | Villager (Male) |
| 7:51 | Create | Villager (Male) |
| 7:55 | Create | Fishing Ship |
| 7:55 | Create | Fishing Ship |
| 8:24 | Build | House |
| 8:34 | Create | Villager (Male) |
| 8:45 | Create | Villager (Male) |
| 8:54 | Create | Fishing Ship |
| 9:14 | Create | Villager (Male) |
| 9:25 | Build | Mill |
| 9:42 | Create | Villager (Male) |
| 10:07 | Create | Villager (Male) |
| 10:23 | Create | Fishing Ship |
| 10:28 | Create | Villager (Male) |
| 10:39 | Build | House |
| 10:42 | Create | Villager (Male) |
| 11:16 | Create | Villager (Male) |
| 11:50 | Create | Fishing Ship |
| 11:50 | Create | Fishing Ship |
| 12:16 | Build | Lumber Camp |
| 12:22 | Research | Feudal Age |
| 12:37 | Build | House |
| 13:30 | Build | Mining Camp |
| 13:34 | Build | House |
| 13:38 | Build | Palisade Wall |
| 13:43 | Create | Villager (Male) |
| 14:07 | Create | Villager (Male) |
| 14:15 | Create | Fishing Ship |
| 14:36 | Build | House |
| 14:51 | Age | Feudal Age |
| 15:00 | Build | House |
| 15:07 | Build | House |
| 15:09 | Create | Villager (Male) |
| 15:28 | Create | Villager (Male) |
| 15:47 | Build | Blacksmith |
| 15:58 | Build | Market |
| 16:07 | Create | Villager (Male) |
| 16:43 | Build | Mining Camp |
| 17:04 | Build | House |
| 17:07 | Build | Palisade Wall |
| 17:11 | Research | Castle Age |
| 17:45 | Build | Barracks |
| 18:15 | Create | Villager (Male) |
| 18:24 | Build | House |
| 18:31 | Build | Farm |
| 18:32 | Build | Farm |
| 18:32 | Build | Farm |
| 18:32 | Build | Farm |
| 18:34 | Research | Double-Bit Axe |
| 18:36 | Research | Horse Collar |
| 18:52 | Create | Villager (Male) |
Match timeline
| 0:39 | Buhr · first_building Dock |
| 0:47 | Ux'BlueUltra · first_building Dock |
| 0:49 | sgt peppers s · first_building Dock |
| 0:50 | Merkaria · first_building Dock |
| 1:24 | machpatel · first_building Dock |
| 1:39 | machpatel · wall_segment Palisade Wall x1 |
| 1:40 | Pollo_congelao · first_building Dock |
| 1:41 | machpatel · wall_segment Palisade Wall x1 |
| 1:41 | Yisaac · first_building Dock |
| 1:47 | Ux'Nivinero · first_building Dock |
| 1:52 | Ux'Nivinero · wall_segment Palisade Wall x1 |
| 3:05 | Pollo_congelao · wall_segment Palisade Wall x1 |
| 3:07 | Pollo_congelao · wall_segment Palisade Wall x1 |
| 3:48 | Ux'Nivinero · wall_segment Palisade Wall x1 |
| 4:03 | Ux'Nivinero · wall_segment Palisade Wall x1 |
| 4:07 | Ux'Nivinero · wall_segment Palisade Wall x1 |
| 7:10 | machpatel · wall_segment Palisade Wall x4 |
| 8:08 | machpatel · wall_segment Palisade Wall x5 |
| 8:10 | Merkaria · wall_segment Palisade Wall x1 |
| 9:10 | Buhr · wall_segment Palisade Wall x6 |
| 9:12 | Buhr · wall_segment Palisade Wall x8 |
| 10:03 | Buhr · wall_segment Palisade Wall x11 |
| 10:14 | machpatel · wall_segment Palisade Wall x4 |
| 10:43 | machpatel · wall_segment Palisade Wall x5 |
| 10:56 | Yisaac · first_building Barracks |
| 11:33 | Buhr · wall_segment Palisade Wall x5 |
| 11:51 | machpatel · wall_segment Palisade Wall x6 |
| 11:53 | machpatel · wall_segment Palisade Wall x2 |
| 11:56 | Yisaac · age_up feudal |
| 12:01 | Yisaac · first_building Archery Range |
| 12:03 | Buhr · wall_segment Palisade Wall x8 |
| 12:05 | machpatel · wall_segment Palisade Wall x7 |
| 12:44 | Ux'BlueUltra · first_building Barracks |
| 12:49 | machpatel · wall_segment Palisade Wall x1 |
| 12:52 | Buhr · wall_segment Palisade Wall x7 |
| 12:53 | Buhr · wall_segment Palisade Wall x4 |
| 13:08 | sgt peppers s · age_up feudal |
| 13:11 | Ux'BlueUltra · age_up feudal |
| 13:23 | Ux'BlueUltra · first_building Archery Range |
| 13:26 | machpatel · wall_segment Palisade Wall x5 |
| 13:32 | Buhr · wall_segment Palisade Wall x7 |
| 13:33 | Merkaria · age_up feudal |
| 13:38 | Pollo_congelao · wall_segment Palisade Wall x13 |
| 14:02 | Ux'Nivinero · age_up feudal |
| 14:31 | Buhr · wall_segment Palisade Wall x1 |
| 14:35 | machpatel · wall_segment Palisade Wall x7 |
| 14:51 | Pollo_congelao · age_up feudal |
| 15:22 | Buhr · wall_segment Palisade Wall x4 |
| 15:50 | Merkaria · first_building Barracks |
| 16:07 | Buhr · wall_segment Palisade Wall x10 |
| 16:24 | Buhr · age_up feudal |
| 16:29 | machpatel · age_up feudal |
| 16:56 | Merkaria · first_building Archery Range |
| 17:07 | Pollo_congelao · wall_segment Palisade Wall x5 |
| 17:12 | sgt peppers s · age_up castle |
| 17:13 | sgt peppers s · first_market_sell 100 wood |
| 17:14 | sgt peppers s · first_market_buy 100 stone |
| 17:36 | machpatel · first_building Barracks |
| 17:45 | Pollo_congelao · first_building Barracks |
| 17:51 | sgt peppers s · first_building Castle |
| 18:31 | Yisaac · wall_segment Palisade Wall x1 |
| 18:37 | Yisaac · wall_segment Palisade Wall x4 |
| 18:39 | Yisaac · wall_segment Palisade Wall x4 |
| 18:40 | machpatel · first_building Stable |
| 18:49 | Merkaria · resign |
| 19:04 | Buhr · wall_segment Stone Wall x4 |
| 19:05 | Buhr · wall_segment Stone Wall x5 |
[ AI ANALYSIS · 1 CREDIT ]
What really happened in this match?
Wolo.gg analyzes every decision: build order, eco, micro, common mistakes by bracket. Personalized analysis on WhatsApp or Discord in 30 seconds.
Civ guide
Vietnamese
Perfil
Yisaac